 Dungeon Crawl Stone Soup version 0.31-a0-997-g9a2f3ffc92 (webtiles) character file.

Game seed: 8561835411931810366

39 Dirtsage the Insei (level 3, -2/29 HPs)
             Began as a Demonspawn Monk on Nov 7, 2023.
             Slain by a gnoll
             ... wielding a +0 spear
              (7 damage)
             ... on level 2 of the Dungeon.
             The game lasted 00:01:30 (1265 turns).

Dirtsage the Insei (Demonspawn Monk)                Turns: 1265, Time: 00:01:31

Health: -2/29      AC:  7    Str: 13    XL:     3   Next: 26%
Magic:  3/3        EV:  9    Int: 11    God:
Gold:   60         SH:  0    Dex: 15    Spells: 2/2 levels left

rFire   . .          .
                       - Unarmed
rCold   . . .        c - orb {light}
rNeg    . . .        f - +0 scale mail
rPois   .            g - +0 helmet
rElec   .            (no cloak)
rCorr   .            (no gloves)
SInv    .            (no boots)
Will    .....        (no amulet) Stlth
                     (no ring)
HPRegen 0.24/turn    (no ring)
MPRegen 0.08/turn

%: no passive effects
@: glowing
A: claws 1
a: no special abilities


You were on level 2 of the Dungeon.
You visited 1 branch of the dungeon, and saw 2 of its levels.

You collected 60 gold pieces.

Inventory:

Armour
 a - a +0 robe
 c - an orb of light (worn)
 f - a +0 scale mail (worn)
 g - a +0 helmet (worn)
Scrolls
 d - a scroll of teleportation {unknown}
 e - a scroll of identify {unknown}
 h - a scroll of vulnerability {unknown}
Potions
 b - a potion of ambrosia
 i - a potion of heal wounds {unknown}


   Skills:
 - Level 3.0 Fighting
 - Level 2.6 Dodging
 + Level 4.0 Unarmed Combat


You had 2 spell levels left.
You didn't know any spells.
Your spell library contained the following spells:

 Spells                   Type           Power      Damage    Failure   Level
 Slow                     Hex            0%         N/A       87%         1
 Static Discharge         Conj/Air       0%         3-3/arc   95%         2
 Confusing Touch          Hex            0%         N/A       99%         3
 Sigil of Binding         Hex            0%         N/A       99%         3
 Vampiric Draining        Necr           0%         2d6       99%         3
 Airstrike                Air            0%         2d(0-16)  100%        4
 Summon Lightning Spire   Summ/Air       0%         N/A       100%        4


Dungeon Overview and Level Annotations

Branches:
Dungeon (2/15)

Altars:

Annotations:
D:2 Robin


Innate Abilities, Weirdness & Mutations

You have sharp fingernails.


Message History

You claw the gnoll!
The gnoll is severely wounded.
The gnoll barely misses you.
You barely miss the gnoll.
The gnoll is severely wounded.
The gnoll hits you with a +0 flail. The gnoll closely misses you.
You take 3 damage, and have 25/29 hp.
You barely miss the gnoll.
The gnoll is severely wounded.
The gnoll barely misses you.
The gnoll hits you from afar with a +0 spear.
You take 3 damage, and have 22/29 hp.
You scratch the gnoll.
The gnoll is severely wounded.
The gnoll hits you with a +0 flail!
The gnoll hits you from afar with a +0 spear.
You take 10 damage, and have 12/29 hp.
MASSIVE DAMAGE!!
You scratch the gnoll but do no damage.
The gnoll is severely wounded.
The gnoll closely misses you. The gnoll hits you with a +0 flail.
You barely miss the gnoll.
The gnoll is severely wounded.
The gnoll closely misses you.
The gnoll hits you from afar with a +0 spear.
You take 1 damage, and have 11/29 hp.
You scratch the gnoll but do no damage.
The gnoll is severely wounded.
The gnoll hits you with a +0 flail.
* * * LOW HITPOINT WARNING * * *
The gnoll barely misses you.
You take 4 damage, and have 7/29 hp.
You claw the gnoll!
You kill the gnoll!
The gnoll hits you from afar with a +0 spear.
* * * LOW HITPOINT WARNING * * *
Your Unarmed Combat skill increases to level 4!
You take 3 damage, and have 4/29 hp.
The gnoll attacks as it pursues you!
The gnoll hits you from afar with a +0 spear!
You die...

#............# #.# #
#####[# #######.###### #..
....###.## #.# ###
#....... #.# #..##.## #.#
#########.#
#.##########.........##
#......................
##########.>...###########
....g.)g.@.#####
############


You could see 2 gnolls.

Vanquished Creatures
  A gnoll (D:2)
  2 endoplasms
  3 giant cockroaches (D:1)
  A hobgoblin (D:1)
  2 jackals (D:1)
  2 kobolds (D:1)
  2 quokkas (D:1)
  3 bats (D:1)
  4 frilled lizards (D:1)
  4 goblins (D:1)
  5 rats
29 creatures vanquished.

Notes
Turn   | Place    | Note
-------+----------+-------------------------------------------
     0 | D:1      | Dirtsage the Demonspawn Monk began the quest for the Orb.
     0 | D:1      | Reached XP level 1. HP: 18/18 MP: 1/1
    80 | D:1      | Reached skill level 3 in Unarmed Combat
   185 | D:1      | Gained mutation: You have sharp fingernails. [demonic
                  | ancestry]
   185 | D:1      | Reached XP level 2. HP: 20/24 MP: 2/2
  1036 | D:2      | Noticed Robin
  1159 | D:2      | Reached XP level 3. HP: 24/29 MP: 3/3
  1264 | D:2      | Reached skill level 4 in Unarmed Combat
  1265 | D:2      | Slain by a gnoll

Illustrated notes

Levels and vault maps discovered:
D:1:      wander_arrival_desolate, layout_loops_corners, roderic_lattice_a
D:2:      layout_loops_ring, basic_altar, dreamdust_princess_bridge,
          nicolae_underground_beach, uniq_crazy_yiuf_cottage, uniq_robin

Skill      XL: |  1  2  3 |
---------------+----------+-----
Unarmed Combat | 3 4 |  4.0
Fighting       | |  3.0
Dodging        | |  2.6

Action                     || total
---------------------------++-------
  Melee: Unarmed           ||    74
 Armour: Robe              ||     6
         Scale mail        ||    43
  Dodge: Dodged            ||    38

Table legend: (Time is in decaauts)
 A = Elapsed time spent in this place.
 B = Non-inter-level travel time spent in this place.
 C = Inter-level travel time spent in this place.
 D = Time resting spent in this place.
 E = Time spent auto-exploring this place.
 F = Levels seen in this place.
 G = Mean time per level.
                   A        B        C        D        E       F      G
               +--------+--------+--------+--------+--------+-----+--------+
         Total |   1260 |   1150 |    110 |      0 |    978 |   2 |  630.0 |
       Dungeon |   1260 |   1150 |    110 |      0 |    978 |   2 |  630.0 |
               +--------+--------+--------+--------+--------+-----+--------+

Top non-repeatable levels by time:
     D:1: 1087 daAuts
     D:2: 172 daAuts
